 Dungeon Crawl Stone Soup version 0.29-a0-791-ga0f254aafb (webtiles) character file.

Game seed: 7521184676315975065

1173 Malachi the Fighter (level 8, -4/63 HPs)
             Began as a Demonspawn Brigand on July 3, 2022.
             Was an Initiate of Dithmenos.
             Killed from afar by a wretched star (24 damage)
             ... with a lance of force
             ... on level 2 of the Abyss.
             The game lasted 00:12:55 (6465 turns).

Malachi the Fighter (Demonspawn Brigand)            Turns: 6465, Time: 00:12:56

Health: -4/63      AC: 13    Str: 11    XL:     8   Next: 18%
Magic:  0/6        EV: 11    Int:  8    God:    Dithmenos [......]
Gold:   263        SH:  0    Dex: 14    Spells: 7/7 levels left

rFire   . . .      SeeInvis .   r - +2 dagger (venom)
rCold   . . .      Faith    .   (no shield)
rNeg    . . .      Spirit   +   u - +0 ring mail
rPois   .          Reflect  .   (helmet restricted)
rElec   .          Harm     .   c - +1 cloak
rCorr   .          Rampage  .   (no gloves)
Will    .....                   (no boots)
Stlth   ++........              (no amulet)
HPRegen 0.20/turn               k - +4 ring of protection
MPRegen 0.20/turn               s - +4 ring of protection

@: slowed, studying Dodging, unable to read, unable to drink, very slow
A: antennae 1, magic shield, magic regeneration, weakness stinger 2, robust 1,
[clumsy 2], [deformed body], [dopey 2], [frail 2], [low MP 2], [no potion heal
2], [inability to drink while threatened 2], [inability to read while threatened
2]
a: Renounce Religion


You were on level 2 of the Abyss.
You worshipped Dithmenos.
Dithmenos was noncommittal.
You visited 2 branches of the dungeon, and saw 7 of its levels.
You visited the Abyss 1 time.

You collected 263 gold pieces.

Inventory:

Hand Weapons
 r - a +2 dagger of venom (weapon)
Missiles
 d - 18 poisoned darts
 e - 6 curare-tipped darts (quivered)
Armour
 c - a +1 cloak (worn)
 u - a +0 ring mail (worn)
 A - an orb of guile
Jewellery
 k - a +4 ring of protection (left hand)
 s - a +4 ring of protection (right hand)
 t - an amulet of faith
Wands
 o - a wand of digging (5)
 y - a wand of roots (4)
Scrolls
 f - a scroll of enchant armour
 h - 2 scrolls of fear
 m - 2 scrolls of brand weapon
 n - 2 scrolls of noise {unknown}
 q - 2 scrolls of enchant weapon {unknown}
 w - a scroll of blinking {unknown}
 B - a scroll of summoning {unknown}
Potions
 a - 2 potions of might {unknown}
 b - a potion of resistance
 i - a potion of flight {unknown}
 j - a potion of brilliance
 p - 4 potions of curing
 v - a potion of ambrosia {unknown}
 x - 2 potions of magic {unknown}
 z - a potion of lignification {unknown}


   Skills:
 + Level 9.1 Fighting
 - Level 1.7 Short Blades
 - Level 1.7 Throwing
 - Level 1.9 Armour
 + Level 4.2 Dodging
 - Level 3.6 Stealth


You had 7 spell levels left.
You didn't know any spells.
Your spell library contained the following spells:

 Spells                   Type           Power      Damage    Failure   Level
 Sandblast                Erth           0%         2d4       71%         1
 Passwall                 Tmut/Erth      0%         N/A       83%         2
 Stone Arrow              Conj/Erth      0%         3d7       97%         3


Dungeon Overview and Level Annotations

Branches:
Dungeon (6/15)             Temple (1/1) D:6

Altars:
Ashenzari
Cheibriados
Dithmenos
Fedhas
Gozag
Hepliaklqana
Kikubaaqudgha
Nemelex Xobeh
Okawaru
Qazlal
Trog
Vehumet
Wu Jian
Xom
Yredelemnul

Annotations:
D:3 slavik159's ghost, amateur HOMo
D:5 Eustachio


Innate Abilities, Weirdness & Mutations

You have a pair of small antennae on your head.
When hurt, damage is shared between your health and your magic reserves.
You regenerate magic rapidly.
You have a tail ending in a sharp stinger.
You are robust. (+10% HP)
[You are very clumsy. (Dex -4)]
[Armour fits poorly on your strangely shaped body.]
[You are very dopey. (Int -4)]
[You are very frail. (-20% HP)]
[Your magical capacity is very low. (-20% MP)]
[Potions cannot restore your health.]
[You sometimes lose the ability to drink potions when taking damage.]
[You sometimes lose the ability to read scrolls when taking damage.]


Message History

You feel yourself slow down.
The guardian serpent coils itself and waves its upper body at you.
The bolt of poison misses you.
The guardian serpent coils itself and waves its upper body at you.
The wretched star blinks! x2
The guardian serpent casts a spell at you.
The bolt of poison misses you.
The bolt of poison hits the wretched star.
The wretched star completely resists.
The guardian serpent hits you!
The wretched star pulses with an eldritch light!
Your body twists and deforms.
The guardian serpent hits you but does no damage.
The wretched star pulses with an eldritch light!
Your system partially rejects the healing effects of potions.
Your system completely rejects the healing effects of potions.
The guardian serpent attacks as you move away!
The guardian serpent hits you but does no damage.
The guardian serpent barely misses you.
The guardian serpent coils itself and waves its upper body at you.
The bolt of poison misses you. The guardian serpent hits you.
You cannot read scrolls in your current state!
Unknown command.
You can read scrolls again.
The guardian serpent casts a spell at you.
You resist with significant effort.
The wretched star pulses with an eldritch light!
You feel clumsy. x2; You feel stupid. x2
As you read the scroll labelled VUVEOJ HUCIKK, it crumbles to dust.
The creatures around you are filled with an inner flame!
It was a scroll of immolation.
The guardian serpent hits you but does no damage.
The guardian serpent barely misses you.
As you read the scroll labelled JUMAMIBL GYLITOR, it crumbles to dust.
It is a scroll of amnesia.
You feel forgetful for a moment. The guardian serpent hits you!
You feel threatened and lose the ability to read scrolls!
The wretched star glows turbulently.
The lance of force hits you!!
You die...

#...#..# .... # #
#...#.### #
..#.#.#.......#
ยง#
#..##.#...#**## #
#...#......#.**.#
#...#.#.#. .# .#
#####.#.#...## ##
. #..#.#.# ##.#{
. #@S#.#.# .#
#..**####...#.
....#..#..*# .#
##
....#...#.#..#..#
#.. #..#.....#..#
#. #...###..# . #
.... .#. #.. ....
.#. ... #.


You could see 2 wretched stars and a guardian serpent (inner flame).

Vanquished Creatures
  A sky beast (D:6)
  An orc warrior (D:4)
  2 ogres
  A centaur (D:6)
  2 scorpions
  A bullfrog (D:6)
  An orc priest (D:4)
  4 hounds (D:4)
  2 jellies (D:6)
  Terence (D:2)
  2 orc wizards
  7 gnolls
  9 adders
  2 white imps (D:6)
  A worm (D:2)
  2 dart slugs
  12 orcs
  3 ball pythons
  6 endoplasms
  2 giant cockroaches
  12 goblins
  10 hobgoblins
  9 jackals
  8 kobolds
  10 bats
  3 frilled lizards
  5 rats
119 creatures vanquished.

Notes
Turn   | Place    | Note
-------+----------+-------------------------------------------
     0 | D:1      | Malachi the Demonspawn Brigand began the quest for the Orb.
     0 | D:1      | Reached XP level 1. HP: 16/16 MP: 1/1
   302 | D:1      | You fall into a shaft and drop 1 floor!
   331 | D:2      | Reached skill level 3 in Fighting
   331 | D:2      | Discovered your monstrous ancestry.
   331 | D:2      | Gained mutation: You have a small tail. [demonic ancestry]
   331 | D:2      | Reached XP level 2. HP: 16/24 MP: 2/2
   365 | D:2      | Reached XP level 3. HP: 5/29 MP: 3/3
   892 | D:2      | Reached skill level 4 in Fighting
  1067 | D:2      | Gained mutation: You regenerate magic rapidly. [demonic
                  | ancestry]
  1067 | D:2      | Reached XP level 4. HP: 8/38 MP: 4/4
  1316 | D:2      | Noticed Terence
  1350 | D:2      | Killed Terence
  1351 | D:2      | Reached skill level 5 in Fighting
  2203 | D:1      | Gained mutation: You have a tail ending in a sharp stinger.
                  | [demonic ancestry]
  2203 | D:1      | Reached XP level 5. HP: 42/42 MP: 5/5
  2549 | D:3      | Found a faded altar of an unknown god.
  2880 | D:3      | Found a shimmering altar of Xom.
  2891 | D:3      | Found a broken altar of Ashenzari.
  3174 | D:3      | Found a stormy altar of Qazlal.
  3524 | D:4      | Reached skill level 6 in Fighting
  3598 | D:4      | Noticed slavik159's ghost (amateur HOMo)
  3600 | D:4      | Found a runed translucent door.
  3773 | D:4      | Gained mutation: You have a pair of small antennae on your
                  | head. [demonic ancestry]
  3773 | D:4      | Reached XP level 6. HP: 52/52 MP: 6/6
  3820 | D:4      | Noticed an orc warrior
  3838 | D:4      | Killed an orc warrior
  3839 | D:4      | Reached skill level 1 in Armour
  4226 | D:4      | Reached skill level 7 in Fighting
  4383 | D:3      | Identified a scroll of acquirement
  4383 | D:3      | Acquired a manual of Dodging
  4389 | D:3      | Gained mutation: You sometimes lose your temper in combat.
                  | [potion of mutation]
  4773 | D:5      | Entered Level 5 of the Dungeon
  4782 | D:5      | Reached skill level 1 in Dodging
  4808 | D:5      | Gained mutation: When hurt, damage is shared between your
                  | health and your magic reserves. [demonic ancestry]
  4808 | D:5      | Reached XP level 7. HP: 35/60 MP: 7/7
  5431 | D:5      | Noticed Eustachio
  5466 | D:6      | Reached skill level 8 in Fighting
  5698 | D:6      | Found a staircase to the Ecumenical Temple.
  5741 | D:6      | Reached XP level 8. HP: 41/69 MP: 6/8
  5772 | Temple   | Entered the Ecumenical Temple
  6008 | Temple   | Lost mutation: You sometimes lose your temper in combat.
                  | [potion of mutation]
  6008 | Temple   | Gained mutation: You are robust. (+10% HP) [potion of
                  | mutation]
  6050 | Temple   | Became a worshipper of Dithmenos the Shadowed
  6197 | D:6      | Reached skill level 9 in Fighting
  6399 | D:6      | Noticed a kobold demonologist
  6402 | D:6      | Noticed an orange demon
  6406 | Abyss:2  | Cast into level 2 of the Abyss (kobold demonologist)
  6440 | Abyss:2  | Noticed a wretched star
  6447 | Abyss:2  | Noticed a wretched star
  6451 | Abyss:2  | Noticed a guardian serpent
  6465 | Abyss:2  | Killed from afar by a wretched star

Illustrated notes

Levels and vault maps discovered:
D:1:      dpeg_arrival_subterranean_lakeside_camping, layout_loops_ring
D:2:      layout_rooms, uniq_terence
D:3:      layout_loops_cross, mainiacjoe_overflow_divided_tiny,
          lemuel_tele_altar, xom_butterflies,
          shapermc_ecumenical_altar_mp_highgroup
D:4:      layout_loops_ring, hellmonk_ghost_happy_afterlife,
          cheibrodos_gnoll_hut
D:5:      layout_layer_cave, minmay_chambers_of_fives, uniq_menkaure,
          uniq_prince_ribbit1, uniq_eustachio
D:6:      layout_rooms, minmay_temple_entry_waves, minmay_misc_feat_iff,
          uniq_crazy_yiuf_cottage
Temple:   hellmonk_temple_flake
Abyss:2:  base:
D:4

Skill      XL: |  1  2  3  4  5  6  7  8 |
---------------+-------------------------+-----
Fighting       | 3 4 5 6 7 8 9 |  9.1
Armour         | 1 |  1.9
Dodging        | 1 3 4 |  4.2
Short Blades   | |  1.7
Throwing       | |  1.7
Stealth        | |  3.6

Action                   |  1- 3 |  4- 6 |  7- 9 || total
-------------------------+-------+-------+-------++-------
Melee: Dagger            |    97 |   209 |   116 ||   422
       Punch             |     3 |     2 |     1 ||     6
       Tailslap          |    11 |    37 |    20 ||    68
Throw: Dart              |       |     5 |       ||     5
Evoke: Wand              |       |     4 |       ||     4
  Use: Potion            |     1 |     4 |     1 ||     6
       Scroll            |       |     5 |     3 ||     8
 Stab: Sleeping          |     3 |     9 |     2 ||    14
       Distracted        |       |     1 |       ||     1
Armor: Robe              |    33 |    22 |       ||    55
       Ring mail         |       |    80 |    98 ||   178
Dodge: Dodged            |    65 |   104 |    87 ||   256

Table legend: (Time is in decaauts)
 A = Elapsed time spent in this place.
 B = Non-inter-level travel time spent in this place.
 C = Inter-level travel time spent in this place.
 D = Time resting spent in this place.
 E = Time spent auto-exploring this place.
 F = Levels seen in this place.
 G = Mean time per level.
                   A        B        C        D        E       F      G
               +--------+--------+--------+--------+--------+-----+--------+
         Total |   6434 |   6162 |    272 |   1519 |   3317 |   8 |  804.2 |
       Dungeon |   6084 |   5837 |    247 |   1495 |   3096 |   6 | 1014.0 |
        Temple |    287 |    262 |     25 |     24 |    221 |   1 |  287.0 |
         Abyss |     62 |     62 |      0 |      0 |      0 |   1 |   62.0 |
               +--------+--------+--------+--------+--------+-----+--------+

Top non-repeatable levels by time:
     D:2: 1573 daAuts
     D:3: 1284 daAuts
     D:4: 970 daAuts
     D:1: 921 daAuts
     D:5: 669 daAuts
     D:6: 665 daAuts
  Temple: 287 daAuts
 Abyss:2: 62 daAuts
